 Dungeon Crawl Stone Soup version 0.26.0-20-g3ca415f5b8 (webtiles) character file.

Game seed: 6801869193333814279

150 Eurus the Insei (level 5, -1/40 HPs)
             Began as a Draconian Transmuter on Jan 25, 2021.
             Slain by a gnoll
             ... wielding a +0 whip
              (6 damage)
             ... on level 3 of the Dungeon.
             The game lasted 00:07:25 (2776 turns).

Eurus the Insei (Draconian Transmuter)              Turns: 2776, Time: 00:07:25

Health: -1/40      AC:  5    Str: 12    XL:     5   Next: 10%
Magic:  7/9        EV: 12    Int: 14    God:
Gold:   51         SH:  0    Dex: 12    Spells: 7/10 levels left

rFire    . . .     SeeInvis .     - Unarmed
rCold    . . .     Faith    .   (no shield)
rNeg     . . .     Spirit   .   (armour unavailable)
rPois    .         Reflect  .   (helmet currently unavailable)
rElec    .         Harm     .   (no cloak)
rCorr    .         Rampage  .   (no gloves)
Will     .....                  (boots currently unavailable)
Stlth    +.........             (no amulet)
HPRegen  0.13/turn              (no ring)
MPRegen  0.11/turn              (no ring)

@: appendages
A: unfitting armour, horns 2, talons 2, cold-blooded, AC +5
a: End Transformation


You were on level 3 of the Dungeon.
You had grown temporary horns.
You had grown temporary talons.
You visited 1 branch of the dungeon, and saw 3 of its levels.

You collected 51 gold pieces.

Inventory:

Armour
 i - a +0 pair of boots (melded)
Jewellery
 c - an uncursed amulet of reflection {unknown}
 m - an uncursed ring of positive energy {unknown}
Scrolls
 b - a scroll of enchant armour {unknown}
 d - 2 scrolls of identify {unknown}
 e - a scroll of noise {unknown}
 f - 2 scrolls of blinking {unknown}
 g - a scroll of amnesia {unknown}
 h - a scroll of immolation {unknown}
 n - a scroll of remove curse {unknown}
 r - a scroll of fog {unknown}
Potions
 a - 2 potions of lignification {unknown}
 j - a potion of heal wounds {unknown}
 k - a potion of degeneration {unknown}
 l - a potion of haste {unknown}
 o - a potion of ambrosia {unknown}
 p - a potion of berserk rage {unknown}
 q - a potion of might {unknown}
 s - 2 potions of curing {unknown}


   Skills:
 - Level 1.1 Fighting
 - Level 1.7 Dodging
 * Level 4.6 Unarmed Combat
 + Level 3.0 Spellcasting
 + Level 3.1 Transmutations


You had 7 spell levels left.
You knew the following spells:

 Your Spells              Type           Power        Failure   Level
a - Beastly Appendage     Tmut           20%          6%          1
b - Wereblood             Tmut           10%          9%          2

Your spell library contained the following spells:

 Spells                   Type           Power        Failure   Level
 Magic Dart               Conj           8%           22%         1
 Blink                    Tloc           N/A          32%         2
 Call Imp                 Summ           2%           32%         2
 Slow                     Hex            2%           32%         2
 Spider Form              Tmut/Pois      3%           34%         3
 Conjure Flame            Conj/Fire      2%           54%         3
 Mephitic Cloud           Conj/Pois/Air  2%           54%         3
 Ice Form                 Ice/Tmut       6%           75%         4
 Blade Hands              Tmut           5%           86%         5


Dungeon Overview and Level Annotations

Branches:
Dungeon (3/15)

Altars:
Dithmenos
Fedhas
Okawaru
Sif Muna
Wu Jian


Innate Abilities, Weirdness & Mutations

Your plain brown scales are hard. (AC +5)
You cannot fit into any form of body armour.
You are cold-blooded and may be slowed by cold attacks.
You have a pair of horns on your head.
You have razor-sharp toenails.


Message History

Casting: Beastly Appendage (safe; 6% risk of failure)
Confirm with . or Enter, or press ? or * to list all spells.
You grow a pair of large bovine horns.
Your feet morph into talons.
Your +0 pair of boots melds into your body.
The gnoll hits you from afar with a +0 spear!
The gnoll closely misses you.
You hit the gnoll. You claw the gnoll, but do no damage.
The gnoll is heavily wounded.
The gnoll hits you from afar with a +0 spear!
* * * LOW HITPOINT WARNING * * *
The gnoll barely misses you.
You hit the gnoll but do no damage.
Your tail-slap misses the gnoll.
The gnoll is heavily wounded.
The gnoll closely misses you. The gnoll hits you but does no damage.
You hit the gnoll but do no damage.
The gnoll is heavily wounded.
The gnoll hits you from afar with a +0 spear.
* * * LOW HITPOINT WARNING * * *
The gnoll hits you with a +0 whip.
You die...

#### .. ####.... r #######....#
S ##.....<...##### #.
#..####))......# #.#.##
####.##....()...#.# ....##
#.g@....#..().....#
#.#.#..######g##†####.....)..###
#.....(....(()).(# ##.).÷......
#...###....)###### #........##.
... ##..(## #........... #
#...#.# #........#.. .....##.#
.............# ...... ...
..###....##.### ...... .### #
...#.## .#


You could see 2 gnolls.

Vanquished Creatures
  3 gnolls
  5 adders
  2 worms
  2 dart slugs (D:2)
  A leopard gecko (D:2)
  2 orcs (D:3)
  9 giant cockroaches
  9 goblins
  7 hobgoblins
  3 jackals (D:1)
  A quokka (D:3)
  4 bats
  6 frilled lizards
  5 kobolds
  8 rats
67 creatures vanquished.

Vanquished Creatures (others)
  19 plants (D:2)
19 creatures vanquished.

Grand Total: 86 creatures vanquished

Notes
Turn   | Place    | Note
-------+----------+-------------------------------------------
     0 | D:1      | Eurus the Draconian Transmuter began the quest for the Orb.
     0 | D:1      | Reached XP level 1. HP: 16/16 MP: 3/3
    54 | D:1      | Reached XP level 2. HP: 5/23 MP: 5/5
   841 | D:1      | Reached XP level 3. HP: 26/28 MP: 4/6
  1312 | D:2      | Learned a level 2 spell: Wereblood
  1427 | D:2      | Reached skill level 4 in Unarmed Combat
  1444 | D:2      | Found an ornate altar of the Wu Jian Council.
  1487 | D:2      | Found a blossoming altar of Fedhas.
  1544 | D:2      | Reached XP level 4. HP: 34/35 MP: 4/7
  1871 | D:2      | Found a shimmering blue altar of Sif Muna.
  1871 | D:2      | Found an iron altar of Okawaru.
  1875 | D:2      | Found a shadowy altar of Dithmenos.
  2751 | D:3      | Reached XP level 5. HP: 36/40 MP: 6/9
  2776 | D:3      | Slain by a gnoll

Illustrated notes

Levels and vault maps discovered:
D:1:      erik_arrival_triangle_medium, layout_basic
D:2:      layout_loops_ring, overflow_temple_1_default,
          nicolae_overflow_hidden_temple, serial_bayou, serial_bayou_ford_a,
          serial_bayou_lagoon_a, serial_bayou_pond_d, serial_bayou_pond_a,
          serial_bayou_lake_a, serial_bayou_pond_c, fedhas_ov_isle_minmay
D:3:      layout_rooms, grunt_qazlal_clouds, nzn_hepliaklqana_mist_gate,
          chequers_ecumenical_altar_simple_redux

Skill      XL: |  1  2  3  4  5 |
---------------+----------------+-----
Unarmed Combat | 4 |  4.6
Transmutations | 3 |  3.1
Spellcasting   | 3 |  3.0
Fighting       | |  1.1
Dodging        | |  1.7

Action                   |  1- 3 |  4- 6 || total
-------------------------+-------+-------++-------
Melee: Unarmed           |    97 |   104 ||   201
       Kick              |    19 |     9 ||    28
       Tailslap          |    10 |     9 ||    19
       Headbutt          |     7 |     5 ||    12
       Punch             |       |     2 ||     2
 Cast: Beastly Appendage |    20 |    13 ||    33
       Wereblood         |       |     2 ||     2
Armor: Skin              |    27 |    27 ||    54
Dodge: Dodged            |    45 |    62 ||   107
